 Dungeon Crawl Stone Soup version 0.28.0-53-g5a82cb258f (webtiles) character file.

Game seed: 8997019608235987896

137 PentaManta the Changer (level 5, 0/37 HPs)
             Began as a Merfolk Transmuter on June 8, 2022.
             Slain by an orc priest
             ... wielding a +0 club
              (5 damage)
             ... on level 4 of the Dungeon.
             The game lasted 00:05:09 (3873 turns).

PentaManta the Changer (Merfolk Transmuter)         Turns: 3873, Time: 00:05:10

Health: 0/37       AC:  2    Str: 11    XL:     5   Next: 20%
Magic:  5/8        EV: 20    Int: 14    God:
Gold:   175        SH:  0    Dex: 19    Spells: 2/8 levels left

rFire   . . .      SeeInvis .     - Unarmed
rCold   . . .      Faith    .   (shield currently unavailable)
rNeg    . . .      Spirit   .   (armour currently unavailable)
rPois   x          Reflect  .   (helmet currently unavailable)
rElec   .          Harm     .   (cloak currently unavailable)
rCorr   .          Rampage  .   (gloves currently unavailable)
Will    .....                   (boots currently unavailable)
Stlth   ++........              (no amulet)
HPRegen 0.12/turn               (no ring)
MPRegen 0.11/turn               (no ring)

@: spider-form (expiring)
A: venomous fangs, tiny, (nimble swimmer 2), (mertail)
a: End Transformation


You were on level 4 of the Dungeon.
You were a venomous arachnid creature.
You visited 1 branch of the dungeon, and saw 4 of its levels.

You collected 175 gold pieces.

Inventory:

Armour
 a - a +0 robe (melded)
Scrolls
 f - a scroll of enchant armour {unknown}
 g - 3 scrolls of identify {unknown}
 i - a scroll of teleportation {unknown}
 l - a scroll of acquirement {unknown}
Potions
 b - a potion of curing
 c - a potion of brilliance {unknown}
 d - a potion of mutation {unknown}
 e - a potion of lignification {unknown}
 h - a potion of degeneration {unknown}
 j - a potion of resistance {unknown}
 k - a potion of flight {unknown}


   Skills:
 - Level 1.1 Fighting
 - Level 2.6 Dodging
 + Level 3.5 Unarmed Combat
 - Level 2.0 Spellcasting
 * Level 6.8 Transmutations


You had 2 spell levels left.
You knew the following spells:

 Your Spells              Type           Power      Damage    Failure   Level
a - Beastly Appendage     Tmut           40%        N/A       7%          1
b - Spider Form           Tmut/Pois      10%        N/A       38%         3
c - Wereblood             Tmut           20%        N/A       9%          2

Your spell library contained the following spells:

 Spells                   Type           Power      Damage    Failure   Level
 Ice Form                 Ice/Tmut       10%        N/A       73%         4
 Fireball                 Conj/Fire      0%         3d3       100%        5
 Starburst                Conj/Fire      0%         6d3       100%        6
 Ignition                 Fire           0%         3d3       100%        8


Dungeon Overview and Level Annotations

Branches:
Dungeon (4/15)
 Temple: D:4-7

Altars:
Dithmenos
Kikubaaqudgha
Yredelemnul

Annotations:
D:2 1 exclusion
D:3 4 runed translucent doors, Atelerd's ghost, amateur OpEE; JosephDoom's ghost, amateur TrTm


Innate Abilities, Weirdness & Mutations

You are a venomous arachnid creature.
You have poisonous fangs.
You are tiny and dextrous.
Your spellcasting is less reliable in this form.
Your armour is entirely melded.
You are incapable of wielding weapons or throwing items.
((You are very nimble when in or above water. (Stealth+, EV+, Speed+++)))
((Your lower body shifts to a powerful aquatic tail in water.))


Message History

Your +0 robe unmelds from your body.
k - an emerald potion You now have 157 gold pieces (gained 16).
l - a scroll labelled REVORU CYULEDGH You now have 168 gold pieces (gained 11).
You now have 175 gold pieces (gained 7).
An orc and 2 orc priests come into view.
The orc priest shouts!
The orc priest suddenly complains.
The orc priest calls down the wrath of Beogh upon you.
Beogh smites you!
There are monsters nearby!
There are monsters nearby!
Casting: Spider Form (quite dangerous; 19% risk of failure)
Confirm with . or Enter, or press ? or * to list all spells.
The spell is quite dangerous to miscast (19% risk of failure)!
Continue anyway?
You turn into a venomous arachnid creature.
Your +0 robe melds into your body.
The orc priest shouts!
Found a robe.
The orc priest calls down the wrath of Beogh upon you.
Beogh smites you!
You barely miss the orc priest. You hit the orc but do no damage.
The orc is poisoned.
You barely miss the orc. The orc misses you.
You hit the orc.
The orc looks as sick as possible!
The orc is almost dead.
You kill the orc!
You hit the orc priest but do no damage.
The orc priest is poisoned.
The orc priest calls down the wrath of Beogh upon you.
Beogh smites you!
* * * LOW HITPOINT WARNING * * *
You hit the orc priest but do no damage.
Your transformation is almost over.
The orc priest barely misses you.
You hit the orc priest but do no damage.
The orc priest looks as sick as possible!
The orc priest hits you with a +0 club.
You die...

#....#### #.#.
##......# #.##
#....#.#
####...## ##...#
#...## # ##...#.#
[.########
#.....#
#....oos.#
####.#####
########.#
#.........
#.######.........
#................
########.........
#.........
#.........
##########


You could see 2 orc priests.

Vanquished Creatures
  A jelly (D:4)
  3 adders
  2 adder zombies (D:3)
  An adder skeleton (D:4)
  A dart slug (D:1)
  8 orcs
  5 endoplasms
  4 giant cockroaches
  5 goblins
  7 hobgoblins
  3 quokkas
  4 ball pythons
  6 bats
  2 frilled lizards
  6 kobolds
  2 rats (D:1)
60 creatures vanquished.

Notes
Turn   | Place    | Note
-------+----------+-------------------------------------------
     0 | D:1      | PentaManta the Merfolk Transmuter began the quest for the
                  | Orb.
     0 | D:1      | Reached XP level 1. HP: 15/15 MP: 3/3
    57 | D:1      | Reached skill level 3 in Transmutations
   229 | D:1      | Reached XP level 2. HP: 18/21 MP: 3/5
   262 | D:1      | Reached skill level 4 in Transmutations
   648 | D:1      | Found a faded altar of an unknown god.
   974 | D:2      | Reached XP level 3. HP: 24/26 MP: 3/6
   978 | D:2      | Learned a level 3 spell: Spider Form
  1146 | D:2      | Learned a level 2 spell: Wereblood
  1981 | D:3      | Reached skill level 5 in Transmutations
  2392 | D:3      | Found a runed translucent door.
  2447 | D:3      | Reached XP level 4. HP: 28/32 MP: 7/7
  2749 | D:3      | Found a shadowy altar of Dithmenos.
  2749 | D:3      | Found an ancient bone altar of Kikubaaqudgha.
  2783 | D:3      | Found a runed translucent gate.
  2783 | D:3      | Found a runed translucent gate.
  2783 | D:3      | Found a runed translucent gate.
  2783 | D:3      | Noticed JosephDoom's ghost (amateur TrTm)
  2785 | D:3      | Found a basalt altar of Yredelemnul.
  2916 | D:3      | Reached skill level 6 in Transmutations
  3358 | D:3      | Noticed Atelerd's ghost (amateur OpEE)
  3698 | D:4      | Reached XP level 5. HP: 21/37 MP: 0/8
  3873 | D:4      | Slain by an orc priest

Illustrated notes

Levels and vault maps discovered:
D:1:      dpeg_arrival_round_b, layout_basic, basic_ecumenical_altar
D:2:      layout_basic, lemuel_flame_loot_1
D:3:      layout_basic, nicolae_yredelemnul_ghost_church,
          gammafunk_temple_overflow_wave, ebering_ghost_sewer_d
D:4:      layout_rooms, nicolae_wu_jian_wuxing_cycle

Skill      XL: |  1  2  3  4 |
---------------+-------------+-----
Transmutations | 3 4 5 6 |  6.8
Fighting       | |  1.1
Dodging        | |  2.6
Unarmed Combat | |  3.5
Spellcasting   | |  2.0

Action                   |  1- 3 |  4- 6 || total
-------------------------+-------+-------++-------
Melee: Unarmed           |   126 |    89 ||   215
       Headbutt          |    21 |    12 ||    33
       Punch             |     3 |     3 ||     6
 Cast: Beastly Appendage |    25 |    13 ||    38
       Spider Form       |       |     3 ||     3
  Use: Potion            |     1 |       ||     1
 Stab: Sleeping          |     1 |       ||     1
Armor: Robe              |    26 |     9 ||    35
Dodge: Dodged            |    85 |    55 ||   140
